 Dungeon Crawl Stone Soup version 0.24.0-1-gfbc8707122 (webtiles) character file.

Game seed: 17863363357932133576, levelgen mode: deterministic

64900 MTVSty1e the Bludgeoner (level 15, -3/97 HPs)
             Began as a Gargoyle Fighter on Oct 28, 2019.
             Was a High Priest of Okawaru.
             Killed by divine providence
             ... invoked by a meliai
              (13 damage)
             ... on level 15 of the Dungeon.
             The game lasted 00:42:52 (27748 turns).

MTVSty1e the Bludgeoner (Gargoyle Fighter)         Turns: 27748, Time: 00:42:54

Health: -3/97      AC: 38    Str: 25    XL:     15   Next: 14%
Magic:  22/23      EV:  8    Int: 10    God:    Okawaru [*****.]
Gold:   1410       SH: 19    Dex:  9    Spells: 14/14 levels left

rFire    + . .     SeeInvis .   D - +5 flail (crush)
rCold    . . .     Gourm    .   V - +0 large shield
rNeg     + . .     Faith    .   G - +4 chain mail
rPois    ∞         Spirit   .   J - +0 helmet
rElec    +         Reflect  .   T - +1 cloak {+Inv}
rCorr    .         Harm     .   e - +1 pair of gloves
MR       ++...                  a - +1 pair of boots
Stlth    ..........             u - amulet of the acrobat
HPRegen  0.26/turn              E - ring of protection from fire
MPRegen  0.18/turn              A - ring of protection from magic

@: heroism
A: big wings, negative energy resistance 1, electricity resistance, unbreathing,
petrification resistance, rot immunity, AC +11
a: Fly, Heroism, Finesse, Renounce Religion, Evoke Invisibility


You were on level 15 of the Dungeon.
You worshipped Okawaru.
Okawaru was extremely pleased with you.
You were not hungry.

You visited 3 branches of the dungeon, and saw 22 of its levels.
You also visited: Sewer, Ossuary and Gauntlet.

You collected 1410 gold pieces.

Inventory:

Hand Weapons
 i - a +1 antimagic great mace
 D - a +5 flail of crushing (weapon)
 L - a +0 dire flail
Missiles
 h - 5 large rocks
Armour
 a - a +1 pair of boots (worn)
 d - a scarf of cloud immunity
 e - a +1 pair of gloves (worn)
 G - a +4 chain mail (worn)
 H - the +0 pair of boots "Zuyve" {-Tele Str+5 Int-5}
   (You found it in a Gauntlet)

   It affects your strength (+5).
   It affects your intelligence (-5).
   It prevents most forms of teleportation.
 J - a +0 helmet (worn)
 S - the +0 pair of gloves of the Stars {*Slow rF- Str+2 Int+4}
   (Okawaru gifted it to you on level 3 of the Lair of Beasts)

   It affects your strength (+2).
   It affects your intelligence (+4).
   It makes you vulnerable to fire.
   It may slow you when you take damage.
 T - a +1 cloak of invisibility (worn)
 V - a +0 large shield (worn)
Jewellery
 c - a cursed ring of teleportation {unknown}
 u - an amulet of the acrobat (around neck)
 z - an uncursed ring of ice
 A - a ring of protection from magic (right hand)
 E - a ring of protection from fire (left hand)
 I - an uncursed ring of see invisible
Wands
 m - a wand of flame (42)
 y - a wand of polymorph (29)
 C - a wand of disintegration (27)
 O - a wand of acid (11)
Scrolls
 j - 6 scrolls of amnesia
 k - 3 scrolls of enchant weapon
 l - 7 scrolls of teleportation
 p - 9 scrolls of remove curse
 r - 5 scrolls of magic mapping
 s - 4 scrolls of immolation
 B - 3 scrolls of fog
 F - 6 scrolls of blinking
 P - a scroll of vulnerability {unknown}
 R - 6 scrolls of identify
Potions
 b - a potion of magic {unknown}
 g - 4 potions of brilliance
 n - 2 potions of flight
 o - 15 potions of curing
 q - 2 potions of invisibility {unknown}
 t - 5 potions of lignification
 v - 3 potions of berserk rage {unknown}
 w - 7 potions of cancellation
 x - 3 potions of mutation
 K - a potion of ambrosia {unknown}
 M - 2 potions of haste
 N - 3 potions of agility
 U - a potion of resistance {unknown}
Comestibles
 f - 29 rations


   Skills:
 + Level 12.3(17.3) Fighting
 * Level 17.4(22.4) Maces & Flails
 + Level 10.4(15.4) Armour
 + Level 7.9(12.9) Shields
 + Level 11.9 Invocations


You had 14 spell levels left.
You didn't know any spells.
Your spell library contained the following spells:

 Spells                   Type           Power        Failure   Level  Hunger
 Animate Skeleton         Necr           N/A          100%        1    ##.....
 Apportation              Tloc           #.....       100%        1    ##.....
 Beastly Appendage        Tmut           #.....       100%        1    ##.....
 Confusing Touch          Hex            #.....       100%        1    ##.....
 Infusion                 Chrm           #...         100%        1    ##.....
 Shock                    Conj/Air       #...         100%        1    ##.....
 Summon Small Mammal      Summ           #...         100%        1    ##.....
 Corpse Rot               Necr           N/A          100%        2    ###....
 Shroud of Golubria       Chrm/Tloc      #.....       100%        2    ###....
 Song of Slaying          Chrm           #.......     100%        2    ###....
 Sticks to Snakes         Tmut           #.......     100%        2    ###....
 Swiftness                Chrm/Air       #.......     100%        2    ###....
 Confuse                  Hex            #.......     100%        3    ####...
 Gell's Gravitas          Tloc           #.........   100%        3    ####...
 Ignite Poison            Fire/Tmut/Pois #.......     100%        3    ####...
 Regeneration             Chrm/Necr      #.........   100%        3    ####...
 Spectral Weapon          Hex/Chrm       #.......     100%        3    ####...
 Spider Form              Tmut/Pois      #.........   100%        3    ####...
 Static Discharge         Conj/Air       #.......     100%        3    ####...
 Airstrike                Air            #.........   100%        4    #####..
 Ice Form                 Ice/Tmut       #.......     100%        4    #####..
 Petrify                  Tmut/Erth      #.......     100%        4    #####..
 Summon Lightning Spire   Summ/Air       #.......     100%        4    #####..
 Agony                    Necr           #.......     100%        5    ######.
 Blade Hands              Tmut           #.........   100%        5    ######.
 Bolt of Draining         Conj/Necr      #.........   100%        5    ######.
 Bolt of Magma            Conj/Fire/Erth #.........   100%        5    ######.
 Dispel Undead            Necr           #.......     100%        5    ######.
 Excruciating Wounds      Chrm/Necr      #.........   100%        5    ######.
 Fireball                 Conj/Fire      #.........   100%        5    ######.
 Lightning Bolt           Conj/Air       #.........   100%        5    ######.
 Metabolic Englaciation   Hex/Ice        #.........   100%        5    ######.
 Silence                  Hex/Air        #.........   100%        5    ######.
 Yara's Violent Unravell  Hex/Tmut       #.........   100%        5    ######.
 Bolt of Fire             Conj/Fire      #.........   100%        6    #######
 Ring of Flames           Chrm/Fire      #.........   100%        7    #######
 Ignition                 Fire           #.........   100%        8    #######
 Sublimation of Blood     Necr           Unusable     N/A         2    N/A

Dungeon Overview and Level Annotations

Branches:
Dungeon (14/15)            Temple (1/1) D:7            Lair (6/6) D:10
 Shoals (0/4) Lair:3       Spider (0/4) Lair:3        Slime (0/5) Lair:6
    Orc (0/2) D:12         Vaults (0/5) D:13          Sewer (visited)
Ossuary (visited)         Gauntlet (visited)

Altars:
Ashenzari
Cheibriados
Dithmenos
Elyvilon
Fedhas
Gozag
Hepliaklqana
Kikubaaqudgha
Makhleb
Nemelex Xobeh
Okawaru
Qazlal
Ru
Sif Muna
Trog
Uskayaw
Vehumet
Xom
Yredelemnul
Zin
The Shining One
Jiyva

Shops:
D:8 :   D:10 :*

Portals:
Hell: Lair:6

Annotations:
D:7 1 runed translucent door
Lair:4 1 runed translucent door, Nubia's ghost, journeyman GnEn
Lair:5 1 runed translucent door, Wolly's ghost, journeyman CeAM
Lair:6 1 runed translucent door


Innate Abilities, Weirdness & Mutations

You are resistant to torment.
Your stone body is resilient. (AC +11)
You are immune to poison.
Your large and strong wings let you fly indefinitely.
You resist negative energy. (rN+)
You are resistant to electric shocks. (rElec)
You can survive without breathing.
You are immune to petrification.
You are immune to rotting.


Message History

The meliai hits you but does no damage. You block the meliai's attack.
You completely miss the meliai.
The meliai is moderately wounded.
You block the meliai's attack.
The meliai stings you but does no damage.
You thump the meliai!
The meliai is almost dead.
The meliai hits you but does no damage. The meliai stings you.
The meliai invokes the aid of its god against you.
Something smites you!
* * * LOW HITPOINT WARNING * * *
You hear a shout!
You miss the meliai.
The meliai is almost dead.
The meliai calls down the wrath of its god upon you.
Something smites you!
* * * LOW HITPOINT WARNING * * *
The meliai invokes the aid of its god against you.
Something smites you!
You die...

.# ##### .# #...# .#
#...# .####
#####...##### ....
............# ..#
##.##...###.##F.#####
#..°#...@yy.....<
#...#.#.###......
#...#.#.# .##.. #...#
#.# # ##### #.# #.#
#.# #.


You could see 2 meliai and a bullfrog.

Vanquished Creatures
  Rupert (D:13)
  A minotaur (Gauntlet)
  Josephine (Lair:6)
  A vault guard (D:13)
  3 catoblepae
  5 hydras
  2 centaur warriors (D:13)
  A two-headed ogre (D:10)
  7 death yaks
  Urug (D:13)
  A sun demon (Lair:6)
  An unseen horror (D:10)
  A wizard (Lair:6)
  A lindwurm (Lair:6)
  2 ugly things
  A cyclops (D:13)
  An oklob plant (Lair:6)
  3 manticores
  2 centaur zombies
  13 spiny frogs
  9 elephants
  2 orange demons (Lair:6)
  A black mamba (Lair:5)
  A gargoyle (D:13)
  A spiny frog (shapeshifter) (D:13)
  A kobold demonologist (D:14)
  2 ice devils (Lair:6)
  7 komodo dragons
  6 rime drakes
  A hellwing (Lair:6)
  A red devil (Lair:6)
  3 jumping spiders (Lair:3)
  A wolf spider simulacrum (Gauntlet)
  4 meliai
  A troll (D:13)
  A polar bear (Lair:5)
  2 dream sheep (Lair:5)
  A raiju (shapeshifter) (D:12)
  16 blink frogs
  8 hippogriffs
  3 centaur simulacra
  A vampire (D:13)
  62 yaks
  A redback (Lair:3)
  4 wraiths
  4 wyverns
  A basilisk (Lair:3)
  A redback simulacrum (Gauntlet)
  A hungry ghost (D:7)
  An acid dragon (D:13)
  15 water moccasins
  5 hell hounds (Lair:6)
  5 porcupines
  4 sky beasts
  A swamp drake (D:12)
  4 orc warriors
  Purgy (Sewer)
  An ice dragon simulacrum (Gauntlet)
  2 ice beasts
  7 ogres
  4 phantoms
  13 wolves
  10 centaurs
  12 crocodiles
  4 big kobolds
  12 bullfrogs
  A wyvern zombie (D:13)
  6 scorpions
  2 water moccasin zombies (Ossuary)
  11 killer bees
  6 wights
  6 howler monkeys
  7 crimson imps
  2 bullfrog zombies
  A quasit (D:13)
  3 jellies
  2 bullfrog skeletons
  4 orc priests
  5 hounds
  4 centaur skeletons
  3 iguanas
  8 orc wizards
  7 hell rats
  5 worker ants
  A killer bee zombie (D:5)
  A big kobold zombie (Ossuary)
  A worker ant zombie (D:11)
  2 mummies (Ossuary)
  A howler monkey skeleton (D:5)
  8 gnolls
  11 adders
  A river rat (D:3)
  4 shadow imps
  An ooze (D:4)
  3 adder zombies (Ossuary)
  A worm (D:2)
  2 dart slugs
  2 leopard geckos
  37 orcs
  9 giant cockroaches
  A gnoll zombie (Ossuary)
  5 goblins
  10 hobgoblins
  8 jackals
  3 quokkas
  2 ball pythons
  7 bats
  6 frilled lizards
  9 hobgoblin zombies (Ossuary)
  14 kobolds
  4 kobold zombies (Ossuary)
  4 orc zombies (Ossuary)
  A quokka skeleton (D:9)
  14 rats
  A fungus (Lair:6)
554 creatures vanquished.

Vanquished Creatures (others)
  An orc priest (D:12)
  14 fungi
  16 plants
31 creatures vanquished.

Grand Total: 585 creatures vanquished

Notes
Turn   | Place    | Note
-------+----------+-------------------------------------------
     0 | D:1      | MTVSty1e the Gargoyle Fighter began the quest for the Orb.
     0 | D:1      | Reached XP level 1. HP: 14/14 MP: 1/1
    61 | D:1      | Reached XP level 2. HP: 19/19 MP: 2/2
   266 | D:1      | Reached skill level 3 in Maces & Flails
   587 | D:1      | Reached XP level 3. HP: 22/23 MP: 3/3
  1192 | D:2      | Reached skill level 4 in Maces & Flails
  1208 | D:2      | Reached XP level 4. HP: 28/28 MP: 4/4
  1826 | D:3      | Found a glowing drain.
  1832 | D:3      | Reached skill level 5 in Maces & Flails
  1846 | D:3      | Reached XP level 5. HP: 18/32 MP: 5/5
  1863 | Sewer    | Entered a sewer
  2002 | Sewer    | Noticed a big kobold
  2033 | Sewer    | Killed a big kobold
  2134 | Sewer    | Noticed Purgy
  2144 | Sewer    | Killed Purgy
  2144 | Sewer    | Reached skill level 6 in Maces & Flails
  2144 | Sewer    | Reached XP level 6. HP: 23/37 MP: 6/6
  2242 | D:3      | Found a shimmering blue altar of Sif Muna.
  2244 | D:3      | Found an ancient bone altar of Kikubaaqudgha.
  2274 | D:3      | Found a burning altar of Makhleb.
  3096 | D:4      | Found a sparkling altar of Nemelex Xobeh.
  3313 | D:4      | Reached skill level 7 in Maces & Flails
  3870 | D:4      | Reached XP level 7. HP: 41/41 MP: 7/7
  4031 | D:5      | Entered Level 5 of the Dungeon
  4051 | D:5      | Reached skill level 8 in Maces & Flails
  4177 | D:5      | Found a sand-covered staircase.
  4184 | Ossuary  | Entered an ossuary
  4505 | Ossuary  | Reached skill level 9 in Maces & Flails
  4505 | Ossuary  | Reached XP level 8. HP: 32/46 MP: 8/8
  6051 | D:6      | Reached skill level 10 in Maces & Flails
  6804 | D:7      | Reached skill level 11 in Maces & Flails
  6804 | D:7      | Reached XP level 9. HP: 48/51 MP: 9/9
  7043 | D:7      | Noticed a sixfirhy
  7045 | D:7      | Found a runed translucent door.
  7114 | D:7      | Found a staircase to the Ecumenical Temple.
  7121 | Temple   | Entered the Ecumenical Temple
  7197 | Temple   | Became a worshipper of Warmaster Okawaru
  7728 | D:8      | Found a hazy altar of Hepliaklqana.
  7848 | D:8      | Found Zomubaer's Book Shop.
  7861 | D:8      | Reached skill level 12 in Maces & Flails
  8709 | D:9      | Reached * piety under Okawaru
  9340 | D:9      | Reached skill level 13 in Maces & Flails
  9462 | D:9      | Reached ** piety under Okawaru
  9462 | D:9      | Reached XP level 10. HP: 26/56 MP: 10/10
  9810 | D:9      | Reached skill level 14 in Maces & Flails
 10078 | D:10     | Entered Level 10 of the Dungeon
 10090 | D:10     | Reached *** piety under Okawaru
 10313 | D:10     | Found Pizyalah's General Store.
 10313 | D:10     | Noticed a two-headed ogre
 10330 | D:10     | Killed a two-headed ogre
 10511 | D:10     | Found a staircase to the Lair.
 10607 | D:10     | Reached skill level 5 in Fighting
 10795 | D:10     | Noticed an unseen horror
 10813 | D:10     | Killed an unseen horror
 10813 | D:10     | Reached **** piety under Okawaru
 10813 | D:10     | Reached XP level 11. HP: 57/64 MP: 12/14
 11047 | D:10     | Found Mabiq's Book Shoppe.
 11230 | D:11     | Noticed a purple ugly thing
 11264 | D:10     | Killed a purple ugly thing
 11409 | D:11     | Noticed a manticore
 11419 | D:11     | Killed a manticore
 11419 | D:11     | Reached skill level 5 in Invocations
 11438 | D:11     | Reached skill level 5 in Armour
 11440 | D:11     | Reached ***** piety under Okawaru
 11611 | D:11     | Noticed a manticore
 11631 | D:11     | Killed a manticore
 11830 | D:11     | You fall into a shaft and drop 2 floors!
 11882 | D:12     | Noticed a seven-headed hydra
 11899 | D:12     | Killed a seven-headed hydra
 12249 | D:11     | Found a shadowy altar of Dithmenos.
 12363 | D:11     | Identified the Volume of the Flying Rocks
 12858 | D:12     | Found a shimmering altar of Xom.
 12884 | D:12     | Reached skill level 15 in Maces & Flails
 13157 | D:12     | Received a gift from Okawaru
 13160 | D:12     | Got a slimy fustibalus {god gift}
 13257 | D:12     | Found a staircase to the Orcish Mines.
 13575 | Lair:1   | Entered Level 1 of the Lair of Beasts
 13660 | Lair:1   | Reached XP level 12. HP: 72/73 MP: 17/17
 14813 | Lair:2   | Found a gate leading to a gauntlet.
 14818 | Gauntlet | Entered a Gauntlet
 14818 | Gauntlet | Found a transporter.
 14818 | Gauntlet | Found a transporter.
 14818 | Gauntlet | Found a transporter.
 14818 | Gauntlet | Noticed a tengu warrior
 14819 | Gauntlet | Found a transporter.
 14824 | Gauntlet | Found a transporter.
 14841 | Gauntlet | Found a transporter.
 14847 | Gauntlet | Found a transporter.
 14851 | Gauntlet | Found a transporter.
 14852 | Gauntlet | Found a transporter.
 14925 | Gauntlet | Noticed a soul eater
 14926 | Gauntlet | Found a transporter.
 14949 | Gauntlet | Found a transporter.
 14964 | Gauntlet | Found a transporter.
 15116 | Gauntlet | Got a pair of steaming boots
 15224 | Gauntlet | Identified the cursed +0 pair of boots "Zuyve" {-Tele Str+5
                  | Int-5} (You found it in a Gauntlet)
 15530 | Gauntlet | Noticed a minotaur
 15550 | Gauntlet | Killed a minotaur
 15672 | Lair:2   | Noticed a catoblepas
 15692 | Lair:2   | Killed a catoblepas
 16696 | Lair:2   | Reached skill level 10 in Fighting
 17614 | Lair:3   | Reached XP level 13. HP: 83/83 MP: 20/20
 18176 | Lair:3   | Found a staircase to the Shoals.
 18288 | Lair:3   | Found a hole to the Spider Nest.
 18462 | Lair:4   | Reached ****** piety under Okawaru
 18537 | Lair:3   | Received a gift from Okawaru
 18540 | Lair:3   | Got a pair of jewelled gloves {god gift}
 18544 | Lair:3   | Identified the +0 pair of gloves of the Stars {*Slow rF-
                  | Str+2 Int+4} (Okawaru gifted it to you on level 3 of the
                  | Lair of Beasts)
 19027 | Lair:4   | Reached skill level 10 in Invocations
 19376 | Lair:4   | Found a runed translucent door.
 19376 | Lair:4   | Noticed Nubia's ghost (journeyman GnEn)
 20798 | Lair:4   | Reached skill level 16 in Maces & Flails
 20925 | Lair:4   | Identified a scroll of acquirement
 20974 | Lair:5   | Noticed Wolly's ghost (journeyman CeAM)
 20975 | Lair:5   | Found a runed translucent door.
 20978 | Lair:5   | Identified the +10 spear of Purpose {venom, rN+ Str-4 Int+3
                  | Dex+2}
 21182 | Lair:5   | Reached skill level 5 in Shields
 21644 | Lair:6   | Entered Level 6 of the Lair of Beasts
 22543 | Lair:6   | Received a gift from Okawaru
 22543 | Lair:6   | Gained mutation: Your large and strong wings let you fly
                  | indefinitely. [Gargoyle growth]
 22543 | Lair:6   | Reached XP level 14. HP: 90/90 MP: 22/22
 22578 | Lair:6   | Noticed Josephine
 22588 | Lair:6   | Killed Josephine
 23273 | Lair:6   | Found a runed translucent door.
 23276 | Lair:6   | Found a viscous altar of Jiyva.
 24564 | Lair:6   | Found a staircase to the Slime Pits.
 24739 | Lair:6   | Found a burning altar of Makhleb.
 24776 | Lair:6   | Reached skill level 17 in Maces & Flails
 24825 | Lair:6   | Found a gateway to Hell.
 25800 | D:13     | Reached skill level 10 in Armour
 25819 | D:13     | Received a gift from Okawaru
 26342 | D:13     | Found a gate to the Vaults.
 26377 | D:13     | Noticed Rupert
 27143 | D:13     | Killed Rupert
 27143 | D:13     | Reached XP level 15. HP: 96/96 MP: 21/23
 27197 | D:13     | Noticed Urug
 27214 | D:13     | Killed Urug
 27725 | D:14     | You fall into a shaft and drop 1 floor!
 27725 | D:15     | Entered Level 15 of the Dungeon
 27748 | D:15     | Killed from afar by a meliai

Levels and vault maps discovered:
D:1:      onia_arrival_larder, layout_basic,
          hangedman_abyss_or_decor_lesser_grid, minivault_14, minmay_quantized
D:2:      layout_loops_cross
D:3:      layout_loops_corners, nicolae_overflow_hidden_temple,
          portal_sewer_entry_a, first_ration
D:4:      minmay_opposing_rooms, layout_basic, nicolae_overflow_crystal_walls
D:5:      layout_gridville, chequers_ossuary_entry_cave
D:6:      layout_gridville
D:7:      cheibrodos_shockbox, layout_gridville, minmay_temple_entry_fiery
D:8:      layout_loops_ring, lemuel_round_altar, serial_shops,
          kennysheep_little_box
D:9:      layout_loops_ring
D:10:     layout_basic, lair_entry_dummy, serial_shops, shop_fountains, shop
D:11:     layout_loops_ring, basic_altar
D:12:     layout_loops_ring, erik_orc_1, basic_altar, blue_anna_alchemist
          [blue_anna_fruit_fields, blue_anna_fruit_fields]
D:13:     layout_loops_ring, david_vaults_5, uniq_urug, uniq_rupert
D:14:     layout_rooms, serial_shops, nicolae_shop_trees, st_stairs_4
D:15:     hangedman_depths_entry_try_elsewhere_first, layout_basic,
          hellmonk_ghost_happy_afterlife, nicolae_ru_the_path_less_chosen,
          serial_shops, nicolae_shop_waterfront, minmay_door_square
Temple:   eino_temple_scatter_basement
Lair:1:   layout_regular_city, beast_lair_carwin_7
Lair:2:   layout_roguey, gauntlet_entry_generic
Lair:3:   layout_gridlike, shoals_dummy_entry, spider_nest_entry_funnel_web
Lair:4:   layout_long_grid, ebering_ghost_inner_flame, lemuel_fruit_tree
Lair:5:   layout_regular_city, ebering_ghost_funeral_grove
Lair:6:   evil_forest, layout_layer_cave, slime_altar_2, uniq_josephine

Skill      XL: |  1  2  3  4  5  6  7  8  9 10 11 12 13 14 |
---------------+-------------------------------------------+-----
Maces & Flails | 3 4 5 6 7 9 11 13 14 15 16 17 | 17.4
Fighting       | 5 8 10 11 12 | 12.3
Invocations    | 4 7 9 10 11 | 11.9
Armour         | 4 6 7 9 10 | 10.4
Shields        | 5 7 |  7.9

Action                   |  1- 3 |  4- 6 |  7- 9 | 10-12 | 13-15 || total
-------------------------+-------+-------+-------+-------+-------++-------
Melee: Flail             |   178 |   261 |   606 |   845 |  1033 ||  2923
       Demon blade       |       |       |       |     3 |       ||     3
Invok: Heroism           |       |       |       |     9 |    16 ||    25
       Finesse           |       |       |       |     5 |     3 ||     8
Evoke: Wand              |       |       |       |       |     6 ||     6
  Use: Scroll            |       |     4 |     8 |    11 |     7 ||    30
       Potion            |       |     1 |     3 |     2 |     4 ||    10
  Eat: Chunk             |     1 |     7 |     5 |     5 |     6 ||    24
       Ration            |       |     1 |     5 |     6 |     8 ||    20
Armor: Scale mail        |   102 |   134 |   295 |     6 |       ||   537
       Chain mail        |       |       |       |   353 |   637 ||   990
Dodge: Dodged            |    54 |    79 |   134 |   186 |   303 ||   756
Block: Shield            |   111 |   121 |   246 |   286 |   157 ||   921
       Large shield      |       |       |       |       |   750 ||   750
       Rpst.: Demon blade |       |       |       |     1 |       ||     1
